AoeStats
← sir8Lampard

Black Forest

509579984Analyzed
3v3 RM · 7d ago on Sep 27, 2026· 67m 34s· 6 players
Game mode
Random Map
Map size
Normal (6 player)
Population
200
Speed
Normal
Resources
Standard
Victory
Conquest
Starting age
Dark Age
Ending age
Imperial Age
RankedLock teamsTeams togetherTeam positionsShared explorationLock speedFull tech treeHidden civsTurbo modeCheats
Victory
Defeat
🇨🇳 Goths · China
756
+11
🇨🇳 Spanish · China
735
+12
🇧🇪 Celts · Belgium
684
+14
🇹🇼 Spanish · Taiwan
817
-18
🇮🇳 Hindustanis · India
571
-10
🇳🇿 Varangians · New Zealand
561
-9
zhaozhao
0:53 Loom
10:42 Feudal Age
12:03 Wheelbarrow
11:29 Double-Bit Axe
13:55 Horse Collar
19:52 Castle Age
21:12 Hand Cart
21:27 Bow Saw
21:22 Heavy Plow
26:20 Gold Mining
26:24 Stone Mining
26:47 Man-at-Arms
27:32 Squires
26:53 Pikeman
27:55 Forging
27:46 Scale Mail Armor
29:19 Iron Casting
34:22 Imperial Age
31:40 Long Swordsman
32:45 Chain Mail Armor
35:14 Stone Shaft Mining
34:31 Capped Ram
34:35 Halberdier
34:37 Two-Handed Swordsman
38:30 Blast Furnace
38:43 Two-Man Saw
37:50 Perfusion
38:14 Conscription
37:48 Champion
41:41 Onager
46:24 Masonry
46:11 Murder Holes
45:58 Treadmill Crane
50:23 Architecture
691621796
10:32 Feudal Age
11:02 Double-Bit Axe
11:01 Horse Collar
19:02 Castle Age
19:57 Bow Saw
19:50 Heavy Plow
22:52 Wheelbarrow
22:03 Loom
23:39 Stone Mining
27:05 Hand Cart
31:24 Imperial Age
31:50 Scale Barding Armor
31:50 Padded Archer Armor
31:53 Town Watch
33:15 Two-Man Saw
32:16 Murder Holes
33:24 Chemistry
32:37 Fortified Wall
32:38 Masonry
33:50 Conscription
34:23 Caravan
36:22 Gold Mining
37:10 Stone Shaft Mining
36:39 Light Cavalry
39:29 Elite Conquistador
47:35 Bloodlines
47:27 Husbandry
50:27 Capped Ram
51:49 Siege Ram
53:05 Hussar
54:25 Chain Barding Armor
54:06 Scale Mail Armor
61:00 Cavalier
62:26 Paladin
66:25 Paladin
sir8Lampard
0:34 Loom
13:23 Feudal Age
14:48 Wheelbarrow
17:41 Double-Bit Axe
22:55 Horse Collar
29:04 Castle Age
27:58 Stone Mining
27:59 Gold Mining
31:20 Hand Cart
38:33 Imperial Age
36:26 Heavy Plow
36:37 Bow Saw
38:40 Ballistics
38:38 Heavy Scorpion
40:43 Chemistry
42:33 Pikeman
42:57 Elite Woad Raider
49:55 Siege Engineers
49:58 Capped Ram
52:22 Halberdier
52:48 Gambesons
52:43 Onager
54:00 Light Cavalry
54:41 Husbandry
55:53 Hussar
61:15 Conscription
61:06 Furor Celtica
Kanna Kamui
0:28 Loom
15:31 Feudal Age
16:06 Double-Bit Axe
16:27 Gold Mining
18:34 Wheelbarrow
18:53 Horse Collar
21:54 Castle Age
19:53 Stone Mining
20:11 Fletching
21:04 Padded Archer Armor
24:28 Bow Saw
26:47 Hand Cart
32:48 Bloodlines
32:38 Husbandry
36:01 Imperial Age
33:22 Light Cavalry
33:25 Pikeman
34:05 Squires
34:37 Bodkin Arrow
34:53 Forging
34:48 Scale Barding Armor
35:08 Ballistics
34:44 Murder Holes
35:04 Masonry
35:59 Heavy Plow
36:22 Leather Archer Armor
36:11 Caravan
37:54 Chemistry
37:24 Architecture
36:31 Hussar
36:33 Cavalier
37:22 Bracer
37:59 Fortified Wall
40:01 Iron Casting
39:47 Chain Barding Armor
39:25 Murder Holes
40:11 Stone Shaft Mining
40:26 Conscription
42:32 Blast Furnace
45:14 Plate Barding Armor
46:48 Ring Archer Armor
49:40 Paladin
bmo
9:56 Feudal Age
10:18 Horse Collar
10:27 Double-Bit Axe
18:37 Castle Age
21:31 Heavy Plow
23:26 Fletching
23:37 Padded Archer Armor
23:02 Crossbowman
26:44 Wheelbarrow
26:14 Stone Mining
27:12 Thumb Ring
35:33 Imperial Age
33:13 Gold Mining
34:41 Hand Cart
35:46 Bodkin Arrow
36:07 Leather Archer Armor
36:06 Elite Ghulam
37:09 Conscription
36:43 Siege Elephant
39:20 Ring Archer Armor
38:51 Bracer
38:59 Scale Barding Armor
39:05 Forging
45:59 Chain Barding Armor
46:15 Iron Casting
45:04 Heavy Camel Rider
46:56 Chemistry
49:02 Hand Cart
51:24 Blast Furnace
51:00 Plate Barding Armor
50:26 Scale Mail Armor
61:17 Chain Mail Armor
LittleDwarf
1:04 Loom
13:12 Feudal Age
15:31 Man-at-Arms
18:57 Wheelbarrow
23:50 Fletching
27:57 Double-Bit Axe
32:32 Castle Age
31:36 Horse Collar
32:14 Padded Archer Armor
32:41 Gold Mining
33:13 Bodkin Arrow
33:43 Hand Cart
33:41 Bow Saw
33:32 Stone Mining
34:26 Scale Mail Armor
34:49 Gambesons
36:19 Squires
37:42 Heavy Plow
37:42 Town Watch
38:06 Long Swordsman
38:14 Elite Skirmisher
40:24 Stone Shaft Mining
47:27 Forging
55:28 Herbal Medicine
59:44 Vendel Legacy
Connection lost

Rejoining the realm…

Still unreachable

The connection could not be restored.

Session expired

The server has moved on; the page needs a fresh start.